 Dungeon Crawl Stone Soup version 0.26-a0-651-gb41185065b (webtiles) character file.

Game seed: 14263947881665820986

231 Irenicus the Chopper (level 5, 23/45 HPs)
             Began as a Deep Dwarf Gladiator on Oct 4, 2020.
             Quit the game in a sewer.
             The game lasted 00:10:03 (1568 turns).

Irenicus the Chopper (Deep Dwarf Gladiator)         Turns: 1568, Time: 00:10:03

Health: 23/45      AC:  7    Str: 17    XL:     5   Next: 72%
Magic:  5/5        EV: 12    Int:  9    God:
Gold:   103        SH:  0    Dex: 15    Spells: 4/4 levels left

rFire    . . .     SeeInvis .   a - +1 war axe
rCold    . . .     Faith    .   (no shield)
rNeg     . . .     Spirit   .   q - +1 ring mail
rPois    .         Reflect  .   c - +0 helmet
rElec    .         Harm     .   (no cloak)
rCorr    .         Rampage  .   (no gloves)
MR       +....                  (no boots)
Stlth    +.........             (no amulet)
HPRegen  0.00/turn              m - ring of protection from magic {MR+, !d}
MPRegen  0.09/turn              (no ring)

@: about to teleport, non-regenerating
A: damage resistance, heal wounds, sense surroundings 1, no regeneration
a: Heal Wounds


You were in a sewer.
You visited 1 branch of the dungeon, and saw 3 of its levels.
You also visited: Sewer.

You collected 103 gold pieces.

Inventory:

Hand Weapons
 a - a +1 war axe (weapon)
Missiles
 d - 2 throwing nets (quivered) {=f, !d}
Armour
 b - a +0 leather armour
 c - a +0 helmet (worn)
 q - a +1 ring mail (worn)
   (You found it on level 1 of the Dungeon)
Jewellery
 m - a ring of protection from magic (left hand) {MR+, !d}
   (You found it on level 3 of the Dungeon)
Wands
 s - a wand of enslavement (9)
   (You found it on level 3 of the Dungeon)
Scrolls
 f - a scroll of remove curse
 i - 4 scrolls of teleportation
 o - a scroll of immolation {!r}
Potions
 e - 2 potions of heal wounds
 g - a potion of haste
 j - a potion of berserk rage {!q}
 r - a potion of stabbing


   Skills:
 - Level 1.7 Fighting
 + Level 7.2 Axes
 - Level 1.7 Throwing
 - Level 3.2 Dodging


You had 4 spell levels left.
You didn't know any spells.
Your spell library was empty.

Dungeon Overview and Level Annotations

Branches:
Dungeon (3/15)              Sewer (1/1)

Altars:
Ashenzari
Ru
Uskayaw


Innate Abilities, Weirdness & Mutations

You are resistant to damage.
You can heal yourself by infusing magical energy.
You passively map a small area around you.
You do not regenerate.


Message History

You slash the adder!
You kill the adder!
You hit the plant. You hit the plant but do no damage.
You enter the shallow water.
Moving in this stuff is going to be slow.
A nearby plant withers and dies. x2
You see here a scroll labeled UMO QIH ELUWK.
i - 4 scrolls labeled UMO QIH ELUWK (gained 1)
You enter the shallow water.
Moving in this stuff is going to be slow.
A kobold comes into view.
Found a gate leading back out of this place.
The kobold shouts!
Your unstable footing causes you to fumble your attack.
The kobold splashes around in the water.
You closely miss the kobold. The kobold barely misses you.
You closely miss the kobold.
You are no longer poisoned.
The kobold hits you but does no damage.
You slash the kobold!
You kill the kobold!
You hear a splash.
You see here a scroll labeled CISINU SUGHARPH.
You see here a scroll labeled CISINU SUGHARPH.
k - a scroll labeled CISINU SUGHARPH You enter the shallow water.
Moving in this stuff is going to be slow.
You completely miss the plant.
You enter the shallow water.
Moving in this stuff is going to be slow.
A jackal and a kobold come into view.
The jackal barks!
The kobold shouts!
The kobold hits the plant with a +0 dagger.
The plant begins to die.
The jackal bites you but does no damage.
The jackal closely misses you.
You barely miss the jackal.
The jackal splashes around in the water. x2
You hit the jackal.
The jackal is moderately wounded.
The jackal bites you but does no damage.
Your unstable footing causes you to fumble your attack.
A nearby plant withers and dies.
The jackal barely misses you. The jackal closely misses you.
You closely miss the jackal.
The jackal is moderately wounded.
The jackal misses you.
Your unstable footing causes you to fumble your attack.
The jackal splashes around in the water. x2
You slash the jackal!
You kill the jackal!
Your unstable footing causes you to fumble your attack.
Your unstable footing causes you to fumble your attack.
The kobold hits you but does no damage. x2
You hit the kobold.
The kobold is moderately wounded.
The kobold splashes around in the water.
You miss the kobold.
The kobold is moderately wounded.
The kobold hits you but does no damage.
Your unstable footing causes you to fumble your attack.
The kobold hits you but does no damage.
You hit the kobold.
You kill the kobold!
You hear a splash.
You see here a +0 dagger.
You enter the shallow water.
Moving in this stuff is going to be slow.
You see here a scroll labeled UMO QIH ELUWK.
i - 5 scrolls labeled UMO QIH ELUWK (gained 1)
You enter the shallow water.
Moving in this stuff is going to be slow.
You see here a +0 dagger.
You see here a jackal corpse.
You enter the shallow water.
Moving in this stuff is going to be slow.
You enter the shallow water.
Moving in this stuff is going to be slow.
You're already here!
You can't go down here!
Unknown command.
Unknown command.
Okay, then.
Okay, then.
As you read the scroll labeled CISINU SUGHARPH, it crumbles to dust.
You feel aware of your surroundings.
It was a scroll of magic mapping.
As you read the scroll labeled SEFAPRO ESOXY, it crumbles to dust.
You smell rotten fruit.
It was a scroll of random uselessness.
As you read the scroll labeled UMO QIH ELUWK, it crumbles to dust.
You feel strangely unstable.
It was a scroll of teleportation.
As you read the scroll labeled VUJEUFF VONASUDUO, it crumbles to dust.
It is a scroll of identify.
Really abort (and waste the scroll)? [Y]es or [N]o only, please.
Really abort (and waste the scroll)?
o - a scroll of immolation
As you read the scroll labeled ZIUSAE AXTUJIG, it crumbles to dust.
You assume a fearsome visage.
Nothing appears to happen.
It was a scroll of fear.
Are you sure you want to abandon this character and quit the game? (Confirm with "yes".)

*#.≈≈≈≈#≈#..≈≈≈≈≈≈≈≈≈≈...≈≈≈≈≈≈≈#
#.≈≈..≈#≈#.≈≈≈≈#≈#≈≈≈≈≈≈≈≈≈≈≈≈≈≈≈
#..≈≈≈≈#≈#≈≈≈≈≈#≈#≈≈≈≈≈≈≈≈≈≈≈≈≈≈#
#≈≈≈≈≈≈#≈#≈≈≈≈≈#≈#≈≈≈≈≈≈≈≈≈≈≈≈≈≈≈
≈≈≈≈≈≈≈#≈#≈≈≈≈≈#≈#≈≈≈≈≈≈≈≈≈≈≈≈≈≈≈
≈≈≈≈≈≈≈#≈#≈≈≈≈≈#≈#≈≈≈≈≈≈≈≈≈≈≈≈≈≈≈
≈≈≈≈≈≈≈#≈#≈≈≈≈≈#≈#≈≈≈≈≈≈≈≈≈≈≈≈≈≈≈
≈≈≈≈≈≈≈#≈#≈≈≈≈≈#≈#≈≈≈≈≈≈≈≈.≈≈≈≈≈≈
≈≈≈≈≈≈≈#≈#≈≈≈≈≈#@#..≈...≈≈≈≈≈≈≈≈≈
≈≈≈≈≈≈≈#≈#≈≈.≈.P≈.≈.≈.≈.##≈#≈≈≈≈≈
≈≈≈≈≈..#≈#.≈.PP..≈.....###≈#≈≈≈≈#
≈≈≈≈≈.≈#≈#≈≈...≈.≈≈...## #≈#≈≈≈≈≈
≈≈≈..≈≈...≈P≈≈≈≈...≈.#####≈#≈≈≈≈≈
≈≈≈≈≈.≈...P.≈≈≈≈≈≈.####†≈#≈#≈≈≈≈≈
≈≈.≈.≈.≈.P≈.≈≈≈≈≈≈.# #≈###≈#≈≈≈≈≈
≈≈≈.P≈.≈.≈≈≈.≈.≈.≈## #≈.##≈#≈≈≈≈≈
≈≈#≈#...≈.........######.#####***


There were no monsters in sight!

Vanquished Creatures
  13 adders
  3 river rats (D:3)
  6 worms
  2 leopard geckos
  An orc (D:3)
  2 ball pythons
  A giant cockroach (D:1)
  6 goblins
  5 hobgoblins
  7 jackals (Sewer)
  10 kobolds
  7 bats
  7 frilled lizards
  8 rats
78 creatures vanquished.

Vanquished Creatures (others)
  2 fungi (D:2)
  29 plants
31 creatures vanquished.

Grand Total: 109 creatures vanquished

Notes
Turn   | Place    | Note
-------+----------+-------------------------------------------
     0 | D:1      | Irenicus the Deep Dwarf Gladiator began the quest for the
                  | Orb.
     0 | D:1      | Reached XP level 1. HP: 19/19 MP: 1/1
    83 | D:1      | Reached XP level 2. HP: 24/26 MP: 2/2
   113 | D:1      | Reached skill level 4 in Axes
   118 | D:1      | You fall into a shaft and drop 1 floor!
   245 | D:2      | Reached XP level 3. HP: 21/32 MP: 3/3
   248 | D:2      | Reached skill level 5 in Axes
   285 | D:2      | Found a hide-covered altar of Uskayaw.
   428 | D:1      | Reached XP level 4. HP: 15/39 MP: 4/4
   517 | D:1      | Found a broken altar of Ashenzari.
   775 | D:2      | HP: 9/39 [worm (5)]
   818 | D:2      | Found a sacrificial altar of Ru.
   838 | D:2      | HP: 7/39 [adder (2)]
   843 | D:2      | Reached skill level 6 in Axes
   935 | D:3      | Reached XP level 5. HP: 28/45 MP: 5/5
  1013 | D:3      | Found a glowing drain.
  1020 | Sewer    | Entered a sewer
  1244 | Sewer    | Reached skill level 7 in Axes
  1568 | Sewer    | Quit the game

Illustrated notes

Levels and vault maps discovered:
D:1:      dpeg_arrival_orchard, layout_basic, ashenzari_altar_1
D:2:      layout_rooms, marbit_many_paths, nicolae_ru_the_path_less_chosen
D:3:      layout_basic, lightli_sewer_entry_pipes
Sewer:    sewer_co_scattered_pipes

Skill      XL: |  1  2  3  4  5 |
---------------+----------------+-----
Axes           | 4 5 6 7 |  7.2
Fighting       | |  1.7
Throwing       | |  1.7
Dodging        | |  3.2

Action                   |  1- 3 |  4- 6 || total
-------------------------+-------+-------++-------
Melee: War axe           |    69 |   206 ||   275
Throw: Dart              |     9 |     2 ||    11
       Throwing net      |       |     6 ||     6
  Use: Potion            |       |     7 ||     7
       Scroll            |       |    11 ||    11
 Stab: Sleeping          |     1 |       ||     1
       Held in net/web   |       |     5 ||     5
Armor: Leather armour    |    26 |     4 ||    30
       Ring mail         |       |    44 ||    44
Dodge: Dodged            |    73 |   119 ||   192

Table legend: (Time is in decaauts)
 A = Elapsed time spent in this place.
 B = Non-inter-level travel time spent in this place.
 C = Inter-level travel time spent in this place.
 D = Time resting spent in this place.
 E = Time spent auto-exploring this place.
 F = Levels seen in this place.
 G = Mean time per level.
                   A        B        C        D        E       F      G
               +--------+--------+--------+--------+--------+-----+--------+
         Total |   1766 |   1697 |     69 |      0 |      0 |   4 |  441.5 |
       Dungeon |   1076 |   1007 |     69 |      0 |      0 |   3 |  358.7 |
         Sewer |    690 |    690 |      0 |      0 |      0 |   1 |  690.0 |
               +--------+--------+--------+--------+--------+-----+--------+

Top non-repeatable levels by time:
   Sewer: 690 daAuts
     D:1: 464 daAuts
     D:2: 424 daAuts
     D:3: 186 daAuts

Table legend:
 A = Kills in this place as a percentage of kills in entire the game.
 B = Kills by you in this place as a percentage of kills by you in the entire game.
 C = Kills by friends in this place as a percentage of kills by friends in the entire game.
 D = Other kills in this place as a percentage of other kills in the entire game.
 E = Experience gained in this place as a percentage of experience gained in the entire game.
 F = Experience gained in this place divided by the number of levels of this place that you have seen.
                   A       B       C       D       E      F
               +-------+-------+-------+-------+-------+----------------------
         Total | 100.0 | 100.0 |   N/A |   N/A | 100.0 |  82.5
       Dungeon |  70.5 |  70.5 |   N/A |   N/A |  75.5 |  83.0
         Sewer |  29.5 |  29.5 |   N/A |   N/A |  24.5 |  81.0
               +-------+-------+-------+-------+-------+----------------------
